 Dungeon Crawl Stone Soup version 0.26.1-11-gd32895ea62 (webtiles) character file.

Game seed: 10356533715601850081

372 Zeld the Cudgeller (level 6, -2/39 HPs)
             Began as an Octopode Warper on May 17, 2021.
             Killed from afar by an orc wizard (11 damage)
             ... with a puff of flame
             ... on level 5 of the Dungeon.
             The game lasted 00:05:15 (6626 turns).

Zeld the Cudgeller (Octopode Warper)                Turns: 6626, Time: 00:05:15

Health: -2/39      AC:  1    Str: 13    XL:     6   Next: 71%
Magic:  8/11       EV: 13    Int: 15    God:
Gold:   164        SH:  0    Dex: 11    Spells: 1/12 levels left

rFire    . . .     SeeInvis .   a - +0 mace
rCold    . . .     Faith    .   (no shield)
rNeg     . . .     Spirit   .   (helmet restricted)
rPois    .         Reflect  .   (no amulet)
rElec    .         Harm     .   (no ring)
rCorr    .         Rampage  .   (no ring)
Will     .....                  (no ring)
Stlth    ++........             (no ring)
HPRegen  0.13/turn              (no ring)
MPRegen  0.12/turn              (no ring)
                                (no ring)
                                (no ring)

@: no status effects
A: almost no armour, stealthy swim, amphibious, 8 rings, constrict 8, camouflage
1, gelatinous body 1
a: no special abilities


You were on level 5 of the Dungeon.
You visited 1 branch of the dungeon, and saw 5 of its levels.

You collected 164 gold pieces.

Inventory:

Hand Weapons
 a - a +0 mace (weapon)
 u - a +0 mace
Wands
 i - a wand of digging (6)
 r - a wand of enslavement (11)
 v - a wand of flame (22)
Scrolls
 c - a scroll of blinking
 d - 3 scrolls of remove curse
 f - 2 scrolls of enchant armour {unknown}
 h - 2 scrolls of fear {unknown}
 j - a scroll of teleportation {unknown}
 m - a scroll of magic mapping {unknown}
 n - 2 scrolls of identify {unknown}
 t - a scroll of enchant weapon {unknown}
Potions
 e - a potion of brilliance {unknown}
 g - a potion of curing
 k - 4 potions of heal wounds {unknown}
 l - 2 potions of cancellation {unknown}
 o - a potion of haste {unknown}
 p - a potion of berserk rage {unknown}
 q - a potion of ambrosia {unknown}
 s - a potion of flight {unknown}


   Skills:
 - Level 2.0 Fighting
 * Level 5.1 Maces & Flails
 - Level 1.0 Throwing
 - Level 2.3 Dodging
 + Level 3.5 Spellcasting
 + Level 4.3 Translocations


You had one spell level left.
You knew the following spells:

 Your Spells              Type           Power        Failure   Level
a - Blink                 Tloc           N/A          4%          2
b - Gell's Gravitas       Tloc           7%           10%         3
c - Lesser Beckoning      Tloc           7%           10%         3
d - Teleport Other        Tloc           15%          10%         3

Your spell library contained the following spells:

 Spells                   Type           Power        Failure   Level
 Passage of Golubria      Tloc           N/A          30%         4


Dungeon Overview and Level Annotations

Branches:
Dungeon (5/15)
 Temple: D:4-7

Altars:
Vehumet
Beogh

Annotations:
D:4 3 runed translucent doors, Duder's ghost, weakling MiBe


Innate Abilities, Weirdness & Mutations

You cannot wear most types of armour.
You are very stealthy in the water. (Stealth+)
You are amphibious.
You can wear up to eight rings at the same time.
You can use your tentacles to constrict eight enemies at once.
Your skin changes colour to match your surroundings (Stealth+).
Your rubbery body absorbs attacks. (AC +1, EV +1)


Message History

The orc warrior hits you with a +0 scimitar!
Casting: Blink (safe; 4% risk of failure)
Confirm with . or Enter, or press ? or * to list all spells.
You blink.
The orc shouts!
You barely miss the orc. You grab the orc.
You constrict the orc, but do no damage.
The orc hits you with a cursed +0 flail!
You are too injured to fight recklessly!
You are too injured to fight recklessly!
You hit the orc.
The orc is heavily wounded.
You constrict the orc.
You kill the orc!
The orc wizard gestures at you while chanting.
The magic dart hits you!
* * * LOW HITPOINT WARNING * * *
The orc wizard points at you and mumbles some strange words.
The puff of flame hits you!
You die...

##..............##
#...............#
##...............#
##...............†#######..
#..........o...............
##...........o..........$...
##.......................####
.#...................######
#............@.......#
.....................#
.....................#
.....................#
...>.................#
..........)..........#
..........<.........##
.........).)........#
.....................


You could see an orc warrior and an orc wizard.

Vanquished Creatures
  A jelly (D:5)
  3 orc priests
  An iguana (D:5)
  2 worker ants
  A howler monkey skeleton (D:4)
  7 adders
  A shadow imp (D:4)
  An ooze (D:5)
  An adder zombie (D:5)
  A worm (D:3)
  A dart slug (D:3)
  14 orcs
  11 bats
  6 giant cockroaches
  2 goblins
  7 hobgoblins
  2 jackals (D:1)
  A quokka (D:3)
  A ball python (D:3)
  5 frilled lizards
  7 kobolds
  8 rats
84 creatures vanquished.

Notes
Turn   | Place    | Note
-------+----------+-------------------------------------------
     0 | D:1      | Zeld the Octopode Warper began the quest for the Orb.
     0 | D:1      | Reached XP level 1. HP: 14/14 MP: 3/3
   238 | D:1      | Reached XP level 2. HP: 19/19 MP: 5/5
   241 | D:1      | Learned a level 2 spell: Blink
  1078 | D:2      | Reached XP level 3. HP: 15/24 MP: 6/6
  1082 | D:2      | Learned a level 3 spell: Gell's Gravitas
  1416 | D:2      | Reached skill level 3 in Maces & Flails
  1650 | D:2      | Found a radiant altar of Vehumet.
  2345 | D:3      | Reached XP level 4. HP: 29/29 MP: 7/7
  2665 | D:2      | Learned a level 3 spell: Lesser Beckoning
  3232 | D:4      | Reached XP level 5. HP: 34/34 MP: 9/9
  3254 | D:4      | Reached skill level 4 in Maces & Flails
  3969 | D:4      | Found a runed translucent gate.
  3969 | D:4      | Found a runed translucent gate.
  3969 | D:4      | Found a runed translucent gate.
  3973 | D:4      | Identified the +3 leather armour of Devotion {Dex+2}
  3976 | D:4      | Noticed Duder's ghost (weakling MiBe)
  3977 | D:4      | Found a roughly hewn altar of Beogh.
  4402 | D:5      | Entered Level 5 of the Dungeon
  4857 | D:5      | Reached XP level 6. HP: 32/39 MP: 10/10
  4861 | D:5      | Learned a level 3 spell: Teleport Other
  5615 | D:5      | Noticed an orc warrior
  6120 | D:5      | Reached skill level 5 in Maces & Flails
  6626 | D:5      | Killed from afar by an orc wizard

Illustrated notes

Levels and vault maps discovered:
D:1:      grunt_arrival_crossed_arrows, layout_basic, palyth_stone_intersect
D:2:      layout_loops_ring, overflow_temple_1_default
D:3:      layout_basic
D:4:      layout_basic, biasface_ghost_orc_armoury
D:5:      layout_layer_cave, serial_shops, shop, ebering_ghost_rock_garden,
          uniq_eustachio

Skill      XL: |  1  2  3  4  5  6 |
---------------+-------------------+-----
Maces & Flails | 3 4 5 |  5.1
Spellcasting   | 3 |  3.5
Translocations | 4 |  4.3
Fighting       | |  2.0
Throwing       | |  1.0
Dodging        | |  2.3

Action                   |  1- 3 |  4- 6 || total
-------------------------+-------+-------++-------
Melee: Mace              |   104 |   119 ||   223
       Constrict         |    25 |    34 ||    59
       Tentacles         |    10 |    24 ||    34
Throw: Boomerang         |       |     5 ||     5
 Cast: Blink             |       |     8 ||     8
  Use: Scroll            |       |     1 ||     1
       Potion            |       |     1 ||     1
 Stab: Sleeping          |     8 |     5 ||    13
Armor: Skin              |    18 |    10 ||    28
Dodge: Dodged            |    79 |   101 ||   180
